 Dungeon Crawl Stone Soup version 0.19-b1-5-gdc9fa9d (webtiles) character file.

1326 lorenzova the Covert (level 8, 0/54 HPs)
             Began as a Spriggan Enchanter on Oct 31, 2016.
             Was an Initiate of Dithmenos.
             Succumbed to a worker ant's poison
             ... on level 6 of the Dungeon.
             The game lasted 00:10:33 (6414 turns).

lorenzova the Covert (Spriggan Enchanter)           Turns: 6414, Time: 00:10:33

Health: 0/54       AC: 16    Str:  4    XL:     8   Next: 34%
Magic:  4/19       EV:  4    Int: 16    God:    Dithmenos [......]
Gold:   269        SH:  0    Dex: 19    Spells: 3 memorised, 15 levels left

rFire  . . .     SeeInvis +     t - +1 short sword (freeze)
rCold  . . .     Gourm    .     (armour currently unavailable)
rNeg   + + +     Faith    .     (shield restricted)
rPois  +         Spirit   .     (helmet currently unavailable)
rElec  .         Reflect  .     (cloak currently unavailable)
rCorr  .         Harm     .     (gloves unavailable)
MR     +....     NoTele   +     (boots unavailable)
Stlth  +++++.....               (no amulet)
                                (no ring)
                                (no ring)

@: lethally poisoned (0 -> -1), tree-form, corroded
A: unfitting armour, see invisible, herbivore 3, (speed 0), slow metabolism 2
a: Renounce Religion


You were on level 6 of the Dungeon.
You worshipped Dithmenos.
Dithmenos was noncommittal.
You were not hungry.
You were a tree.
You visited 2 branches of the dungeon, and saw 7 of its levels.

You collected 269 gold pieces.

Inventory:

Hand Weapons
 t - a +1 short sword of freezing (weapon)
 u - a +0 vampiric dagger
Armour
 b - a +1 robe (melded)
 f - a +0 cloak (melded)
Wands
 n - a wand of random effects (28/48)
 E - a wand of disintegration (13/24)
Scrolls
 a - 2 scrolls of enchant weapon
 g - 2 scrolls of enchant armour
 h - 2 scrolls of fog
 j - 2 scrolls of magic mapping
 l - a scroll of immolation {unknown}
 m - a scroll of remove curse
 o - 2 scrolls of blinking {unknown}
 p - 3 scrolls of teleportation
 q - 2 scrolls of amnesia {unknown}
 x - a scroll of noise {unknown}
Potions
 e - a potion of resistance {unknown}
 i - a potion of lignification
 k - 2 potions of agility
 r - a potion of beneficial mutation {unknown}
 w - a potion of curing {unknown}
 z - a potion of cancellation {unknown}
 A - a potion of berserk rage {unknown}
 D - a potion of flight {unknown}
Books
 c - a book of Maledictions

   Spells                             Type                      Level
   a - Corona                         Hexes                        1
   b - Ensorcelled Hibernation        Hexes/Ice                    2
   c - Confuse                        Hexes                        3
   d - Tukima's Dance                 Hexes                        3
   e - Dazzling Spray                 Conjuration/Hexes            3
 B - a book of Cantrips

   Spells                             Type                      Level
   a - Confusing Touch                Hexes                        1
   b - Animate Skeleton               Necromancy                   1
   c - Summon Small Mammal            Summoning                    1
   d - Apportation                    Translocation                1
Comestibles
 d - 4 bread rations
 s - a royal jelly
 v - 2 slices of pizza


   Skills:
 - Level 1.1 Short Blades
 - Level 3.0 Dodging
 + Level 9.9 Stealth
 + Level 7.2 Spellcasting
 + Level 7.7 Hexes
 + Level 1.8 Ice Magic


You had 15 spell levels left.
You knew the following spells:

 Your Spells              Type           Power        Failure   Level  Hunger
a - Corona                Hex            ####...      1%          1    None
b - Ensorcelled Hibernat  Hex/Ice        ###...       2%          2    None
c - Confuse               Hex            ####....     1%          3    ##.....


Dungeon Overview and Level Annotations

Branches:
Dungeon (6/15)             Temple (1/1) D:5

Altars:
Dithmenos
Elyvilon
Fedhas
Okawaru
Qazlal
Trog
Yredelemnul


Innate Abilities, Weirdness & Mutations

You are very small and have problems with some larger weapons.
You are too small for most types of armour.
You have supernaturally acute eyesight. (SInv)
You are a herbivore.
((You cover ground extremely quickly.))
You need consume almost no food.


Message History

You hit the jelly. You freeze the jelly. The acid corrodes you!
Your hands burn!
* * * LOW HITPOINT WARNING * * *
The jelly is heavily wounded.
The jelly closely misses you.
You are too injured to fight recklessly!
You are too injured to fight recklessly!
You are too injured to fight recklessly!
You hit the jelly but do no damage.
Your hands burn!
* * * LOW HITPOINT WARNING * * *
The jelly is heavily wounded.
The worker ant seems to be having trouble coordinating all six of its legs.
You hit the jelly but do no damage.
Your hands burn!
* * * LOW HITPOINT WARNING * * *
The jelly is heavily wounded.
The jelly completely misses you.
It was a potion of lignification.
You turn into a tree.
Your +0 cloak melds into your body.
Your +1 robe melds into your body.
Your roots penetrate the ground.
You die...

...##.# #.####.##># #.# #.#.#.#
#......##.# ####.# ......#
#.#######.#####....# #.#.#.#
#.# #..............# ....#.#
#####.###.###.#####.#.##
#.#.#.# #.............# ##....#
###.#.###################.###.#
#........# #.#aJ.#.#.# #..# #.#
#.#.#.#### #..)♣.#.## #..###.#
#.#.#)# #..#.#..#.# #.#..>##
†...#.# #. #.##..## #.##.##
.#..#.# #. ...##..###.##.#
...##<# #.# ..)..##.#...##.#
#.#...# #..##...##..######.#
#.#.### #..##.##).##......#
#.#.# #..###..#.######## ..#.#
### #..#..#.##


You could see a jelly (confused) and a worker ant (confused).

Vanquished Creatures
  An ice beast (D:5)
  2 sky beasts (D:6)
  A phantom (D:6)
  A necrophage (D:5)
  2 bullfrogs (D:6)
  A scorpion (D:4)
  A water moccasin skeleton (D:5)
  A jelly (D:5)
  The ghost of odei the Skirmisher, a weakling DsAK of Lugonu (D:3)
  A howler monkey (D:4)
  A crimson imp (D:5)
  An orc priest (D:5)
  3 hounds
  An orc wizard (D:4)
  Ijyb (D:2)
  4 iguanas
  A worker ant (D:3)
  A hound skeleton (D:6)
  4 gnolls
  2 adders
  5 oozes
  An adder skeleton (D:6)
  A worm (D:3)
  A dart slug (D:3)
  3 leopard geckos
  8 orcs
  8 giant cockroaches
  8 goblins
  9 hobgoblins
  6 kobolds
  2 quokkas
  3 ball pythons (D:3)
  6 bats
  4 frilled lizards
  A leopard gecko zombie (D:5)
  A quokka zombie (D:6)
  10 rats
108 creatures vanquished.

Notes
Turn   | Place    | Note
-------+----------+-------------------------------------------
     0 | D:1      | lorenzova the Spriggan Enchanter began the quest for the Orb.
     0 | D:1      | Reached XP level 1. HP: 9/9 MP: 5/5
   185 | D:1      | Reached XP level 2. HP: 13/13 MP: 7/7
   189 | D:1      | Learned a level 2 spell: Ensorcelled Hibernation
   818 | D:1      | Reached skill level 5 in Stealth
  1265 | D:1      | Reached XP level 3. HP: 16/16 MP: 8/8
  1270 | D:1      | Learned a level 3 spell: Confuse
  1532 | D:2      | Noticed Ijyb
  1539 | D:2      | Killed Ijyb
  1539 | D:2      | Reached XP level 4. HP: 19/21 MP: 5/10
  1601 | D:2      | Reached skill level 6 in Stealth
  2620 | D:3      | Reached XP level 5. HP: 21/24 MP: 8/12
  2762 | D:3      | Reached skill level 5 in Hexes
  3035 | D:3      | Noticed odei's ghost (weakling DsAK)
  3044 | D:3      | Killed odei's ghost
  3044 | D:3      | Reached skill level 7 in Stealth
  3413 | D:4      | Reached XP level 6. HP: 13/28 MP: 11/14
  3822 | D:4      | Reached skill level 5 in Spellcasting
  4335 | D:5      | Entered Level 5 of the Dungeon
  4428 | D:5      | Found a bloodstained altar of Trog.
  4439 | D:5      | Noticed an ice beast
  4442 | D:5      | Reached skill level 8 in Stealth
  4448 | D:5      | Found a white marble altar of Elyvilon.
  4747 | D:5      | Killed an ice beast
  4747 | D:5      | Reached XP level 7. HP: 32/32 MP: 11/16
  5058 | D:5      | Found a staircase to the Ecumenical Temple.
  5145 | Temple   | Entered the Ecumenical Temple
  5185 | Temple   | Became a worshipper of Dithmenos the Shadowed
  5353 | D:6      | Reached skill level 9 in Stealth
  5819 | D:6      | Reached skill level 1 in Ice Magic
  5819 | D:6      | Reached XP level 8. HP: 36/36 MP: 14/19
  5848 | D:6      | Found a stormy altar of Qazlal.
  6413 | D:6      | HP: 1/36 [acid (4)]
  6414 | D:6      | Succumbed to a worker ant's poison

Skill      XL: |  1  2  3  4  5  6  7  8 |
---------------+-------------------------+-----
Spellcasting   | 3 4 5 6 7 |  7.2
Hexes          | 4 5 6 7 |  7.7
Stealth        | 5 6 7 8 9 |  9.9
Ice Magic      | 1 |  1.8
Short Blades   | |  1.1
Dodging        | |  3.0

Action                   |  1- 3 |  4- 6 |  7- 9 || total
-------------------------+-------+-------+-------++-------
Melee: Dagger            |   105 |    22 |       ||   127
       Short sword       |       |   107 |    85 ||   192
 Cast: Ensorcelled Hiber |     5 |    20 |    14 ||    39
       Confuse           |     2 |     8 |    12 ||    22
  Use: Scroll            |       |       |     7 ||     7
       Potion            |       |       |     1 ||     1
 Stab: Sleeping          |     8 |    29 |    15 ||    52
       Confused          |     3 |     6 |     4 ||    13
       Distracted        |       |       |     1 ||     1
  Eat: Pizza             |       |     1 |       ||     1
       Bread ration      |       |       |     1 ||     1
Armor: Robe              |    15 |     8 |     7 ||    30
Dodge: Dodged            |    82 |    81 |    58 ||   221
